cohdb
Replays
Latest Replays
All Replays
Popular Replays
Top Player Replays
Match Explorer
How It Works
Community
CoH3 Stats
Reddit
Sign in to upload your games and track your stats! →
Sign in with Steam
Match 45690451
Unlisted
Match 45690451
Overview
Messages
Build Orders
End
Panzergrenadier Squad
Kradschützen Motorcycle Team
250 Light Carrier
Construct Light Support Kompanie
Panzergrenadier Squad
Selects Armored Support Battlegroup
Selects Superior Fire Drills
Combat Half-tracks
Fire Support Elements
Panzergrenadier Squad
Flakvierling Half-track
2.5-tonne Medical Truck
Veteran Squad Leaders
Selects Salvage Kits
Panzerjäger Mechanized Group
Construct Mechanized Kompanie
Selects Panzer Storm
MG34 Team
StuG III D Assault Gun
Panzerpioneer Squad
Selects Stuka Dive Bomb
Construct Panzerarmee Kommand
rocketpossum
gregreed508
0
0
Comments
sign in to comment!
No comments posted yet!